 Dungeon Crawl Stone Soup version 0.29.0-11-gd7f09526c8 (webtiles) character file.

Game seed: 6748188484048625807

24279 experimilk the Grappler (level 12, -2/183 HPs)
             Began as a Troll Gladiator on Sept 4, 2022.
             Was a High Priest of Elyvilon.
             Slain by an eight-headed hydra (9 damage)
             ... on level 5 of the Lair of Beasts.
             The game lasted 00:50:46 (13908 turns).

experimilk the Grappler (Troll Gladiator)          Turns: 13908, Time: 00:50:47

Health: -2/183     AC: 26    Str: 29    XL:     12   Next: 79%
Magic:  16/18      EV:  1    Int:  4    God:    Elyvilon [*****.]
Gold:   505        SH:  0    Dex: 11    Spells: 11/11 levels left

rFire   + . .      SeeInvis .     - Unarmed
rCold   . . .      Faith    .   (no shield)
rNeg    . . .      Spirit   .   (body armour currently unavailable)
rPois   +          Reflect  .   (helmet currently unavailable)
rElec   .          Harm     .   (cloak currently unavailable)
rCorr   .          Rampage  .   (gloves unavailable)
Will    .....      NoTele   +   (boots unavailable)
Stlth   +.........              x - amulet of regeneration
HPRegen 2.00/turn               k - ring of poison resistance
MPRegen 0.16/turn               J - ring of protection from fire

@: tree-form
A: stationary, stasis, torment immunity, boosted hp, large, unfitting armour,
(claws 3), regeneration 1, (shaggy fur 1), (tough skin 1)
a: Renounce Religion, Purification, Heal Other, Heal Self, Divine Vigour


You were on level 5 of the Lair of Beasts.
You worshipped Elyvilon.
Elyvilon was extremely pleased with you.
You were a tree.
You visited 3 branches of the dungeon, and saw 17 of its levels.

You collected 1130 gold pieces.
You spent 625 gold pieces at shops.

Inventory:

Missiles
 c - 4 throwing nets
 d - a large rock
 t - 55 stones
 I - 10 boomerangs (quivered)
Armour
 a - a +0 robe
 f - a +1 cloak (melded)
 F - +0 acid dragon scales (melded)
 Q - a +2 hat (melded)
Jewellery
 b - a ring of see invisible
 k - a ring of poison resistance (left branch)
 u - a ring of protection from fire
 x - an amulet of regeneration (around neck)
 J - a ring of protection from fire (right branch)
 R - an amulet of the acrobat
Wands
 z - a wand of flame (5)
 E - a wand of polymorph (14)
 K - a wand of digging (3)
 M - a wand of charming (10)
Scrolls
 m - 13 scrolls of teleportation
 q - 4 scrolls of magic mapping
 s - a scroll of acquirement {unknown}
 v - a scroll of enchant weapon {unknown}
 w - a scroll of fear {unknown}
 y - 4 scrolls of blinking
 B - 2 scrolls of poison
 H - 2 scrolls of fog
 L - a scroll of immolation {unknown}
 N - a scroll of brand weapon {unknown}
 P - a scroll of silence {unknown}
Potions
 e - 3 potions of haste
 g - a potion of mutation
 h - 9 potions of flight
 i - 3 potions of brilliance
 j - a potion of cancellation
 l - 2 potions of berserk rage
 n - 4 potions of might
 o - 7 potions of curing
 p - 3 potions of resistance
 r - a potion of heal wounds
 A - a potion of magic
 C - a potion of lignification
 D - a potion of ambrosia
 G - 4 potions of attraction
Miscellaneous
 O - a phial of floods (inert)


   Skills:
 * Level 8.6 Fighting
 - Level 6.0 Throwing
 * Level 8.7 Dodging
 + Level 12.3 Unarmed Combat
 + Level 9.4 Invocations


You had 11 spell levels left.
You didn't know any spells.
Your spell library contained the following spells:

 Spells                   Type           Power      Damage    Failure   Level
 Slow                     Hex            0%         N/A       50%         1
 Ensorcelled Hibernation  Hex/Ice        0%         N/A       65%         2
 Poisonous Vapours        Pois/Air       0%         N/A       65%         2
 Confusing Touch          Hex            0%         N/A       86%         3
 Conjure Flame            Conj/Fire      0%         6-21      86%         3
 Ignite Poison            Fire/Tmut/Pois 0%         N/A       86%         3
 Portal Projectile        Hex/Tloc       0%         N/A       86%         3
 Spider Form              Tmut/Pois      0%         N/A       86%         3
 Tukima's Dance           Hex            0%         N/A       86%         3
 Vampiric Draining        Necr           0%         2d6       86%         3
 Anguish                  Hex/Necr       0%         N/A       99%         4
 Corpse Rot               Necr/Pois/Air  0%         N/A       99%         4
 Sticky Flame             Conj/Fire      0%         2d3       99%         4
 Blade Hands              Tmut           0%         N/A       100%        5


Dungeon Overview and Level Annotations

Branches:
Dungeon (11/15)            Temple (0/1) D:5            Lair (5/5) D:11
  Swamp (0/4) Lair:3       Spider (0/4) Lair:3        Slime (0/5) Lair:4
    Orc (1/2) D:10

Altars:
Cheibriados
Elyvilon
Fedhas
Nemelex Xobeh
Qazlal
Sif Muna
Vehumet
Xom
Jiyva

Shops:
D:2 !   D:7 [   D:9 =


Innate Abilities, Weirdness & Mutations

You are a tree.
Your roots penetrate the ground, keeping you stationary.
You cannot be teleported.
You are immune to unholy pain and torment.
Your maximum health is greatly increased.
Your equipment is partially melded.
You are too large for most types of armour.
((You have claws for hands.))
Your natural rate of healing is unusually fast.
((You are covered in fur. (AC +1)))
((You have tough skin. (AC +1)))


Message History

The eight-headed hydra bites you but does no damage. x3
The eight-headed hydra bites you.
* * * LOW HITPOINT WARNING * * *
The eight-headed hydra completely misses you.
The eight-headed hydra bites you but does no damage. x3
The eight-headed hydra bites you.
* * * LOW HITPOINT WARNING * * *
The eight-headed hydra bites you but does no damage. x2
Aim the phial where?
Press: ? - help, Q - select action, (/) - cycle Shift-Dir - straight line, f - eight-headed hydra
Aim: an eight-headed hydra The torrent of water hits the eight-headed hydra!
The eight-headed hydra is lightly wounded.
The eight-headed hydra is knocked back by the torrent of water.
The wave splashes down.
You hear an angry hiss.
The eight-headed hydra bites you.
* * * LOW HITPOINT WARNING * * *
The eight-headed hydra barely misses you.
The eight-headed hydra bites you!
* * * LOW HITPOINT WARNING * * *
The eight-headed hydra bites you but does no damage. x5
Unknown command.
You feel much better.
The eight-headed hydra bites you but does no damage. x4
The eight-headed hydra bites you.
* * * LOW HITPOINT WARNING * * *
The eight-headed hydra bites you but does no damage. x4
The eight-headed hydra bites you.
* * * LOW HITPOINT WARNING * * *
The eight-headed hydra bites you but does no damage.
The eight-headed hydra bites you!
* * * LOW HITPOINT WARNING * * *
The eight-headed hydra bites you!
* * * LOW HITPOINT WARNING * * *
The eight-headed hydra bites you! Elyvilon protects you from harm!
The eight-headed hydra bites you but does no damage.
The eight-headed hydra bites you!
You die...

#..#### ###...#
### #.....#...#
##...##.^.#
##..##.....
#.........
###P....##.#
##.#PP.......##
#P.P.P~♣......#
......DD~.....#
..#...~~~.......
# #...~~~.......
#..............
#.....#........
#...P####.......
##..P ###...


You could see 2 eight-headed hydras.

Vanquished Creatures
  2 hydras
  2 two-headed ogres (D:9)
  Urug (Lair:2)
  2 bog bodies (Lair:3)
  Pikel (D:4)
  A manticore (D:11)
  8 elephants
  2 black mambas (Lair:5)
  5 cane toads
  6 komodo dragons
  An unseen horror (D:11)
  2 blink frogs (Lair:3)
  3 trolls
  A hornet (D:11)
  Prince Ribbit (D:9)
  A shadow (D:11)
  3 culicivoras (Lair:3)
  2 wyverns
  A water elemental (D:11)
  12 yaks
  4 basilisks
  2 steam dragons
  2 vampire mosquitoes (D:10)
  4 wargs (D:10)
  Duvessa (D:4)
  An acid dragon (D:11)
  8 water moccasins
  2 ice beasts
  3 orc warriors
  2 ogres
  3 black bears
  3 wolves (D:11)
  6 centaurs
  9 bullfrogs
  2 scorpions
  5 necrophages (Lair:3)
  4 wights (D:8)
  Dowan (D:4)
  A howler monkey (D:10)
  3 electric eels
  A gnoll bouda (D:6)
  5 hounds
  7 orc priests
  Jessica (D:3)
  5 orc wizards
  Ijyb (D:3)
  2 iguanas
  Robin (D:4)
  A mummy (D:4)
  15 gnolls
  4 adders
  3 river rats (D:7)
  2 white imps (D:6)
  A dart slug (D:1)
  4 worms (D:2)
  29 orcs
  7 bats
  5 endoplasms
  5 giant cockroaches
  16 goblins
  7 hobgoblins
  5 jackals
  5 kobolds
  2 quokkas (D:1)
  6 ball pythons
  4 frilled lizards
  7 rats
274 creatures vanquished.

Vanquished Creatures (others)
  An elephant (Lair:5)
  A yak (Lair:2)
  An acid dragon (D:8)
  An orc priest (D:9)
  An orc wizard (D:8)
  A goblin (D:4)
  6 fungi
  13 plants
25 creatures vanquished.

Grand Total: 299 creatures vanquished

Notes
Turn   | Place    | Note
-------+----------+-------------------------------------------
     0 | D:1      | experimilk the Troll Gladiator began the quest for the Orb.
     0 | D:1      | Reached XP level 1. HP: 19/19 MP: 0/0
    61 | D:1      | Found a faded altar of an unknown god.
    80 | D:1      | Reached XP level 2. HP: 26/28 MP: 1/1
   407 | D:1      | Reached XP level 3. HP: 34/35 MP: 2/2
   684 | D:2      | Found Emaideow's Distillery.
  1211 | D:2      | Reached XP level 4. HP: 42/42 MP: 3/3
  1356 | D:2      | Bought a potion of heal wounds for 70 gold pieces
  1471 | D:3      | Found a white marble altar of Elyvilon.
  1478 | D:3      | Noticed Ijyb
  1484 | D:3      | Killed Ijyb
  1505 | D:3      | Became a worshipper of Elyvilon the Healer
  1554 | D:3      | Reached skill level 4 in Unarmed Combat
  1784 | D:3      | Noticed Jessica
  1787 | D:3      | Noticed a centaur
  1796 | D:3      | Reached XP level 5. HP: 28/49 MP: 4/4
  1844 | D:3      | Killed Jessica
  1875 | D:3      | Killed a centaur
  1931 | D:3      | Reached * piety under Elyvilon
  1973 | D:3      | Reached skill level 5 in Unarmed Combat
  1977 | D:3      | Reached XP level 6. HP: 32/59 MP: 5/5
  2481 | D:4      | Identified the +7 falchion of Conscience {protect, rC-
                  | Dex+10}
  2529 | D:4      | Noticed Duvessa
  2529 | D:4      | Noticed Robin
  2533 | D:4      | Noticed Dowan
  2583 | D:4      | Killed Duvessa
  2584 | D:4      | Reached skill level 1 in Invocations
  2635 | D:4      | Killed Robin
  2645 | D:4      | Killed Dowan
  2731 | D:4      | Reached skill level 6 in Unarmed Combat
  2745 | D:4      | Found a shimmering altar of Xom.
  2884 | D:4      | Found a snail-covered altar of Cheibriados.
  3088 | D:4      | Noticed Pikel
  3102 | D:4      | Killed Pikel
  3103 | D:4      | Reached XP level 7. HP: 13/67 MP: 6/8
  3219 | D:5      | Entered Level 5 of the Dungeon
  3250 | D:5      | Reached skill level 7 in Unarmed Combat
  3250 | D:5      | Reached XP level 8. HP: 32/76 MP: 9/9
  3315 | D:5      | Reached ** piety under Elyvilon
  3366 | D:5      | Found a stormy altar of Qazlal.
  3366 | D:5      | Found a sparkling altar of Nemelex Xobeh.
  3634 | D:5      | Reached skill level 8 in Unarmed Combat
  3683 | D:5      | Found a staircase to the Ecumenical Temple.
  4013 | D:2      | Bought 2 potions of lignification for 84 gold pieces
  4013 | D:2      | Bought a potion of ambrosia for 112 gold pieces
  4285 | D:6      | Found a radiant altar of Vehumet.
  4399 | D:6      | Reached XP level 9. HP: 75/85 MP: 10/10
  4511 | D:6      | Reached *** piety under Elyvilon
  4892 | D:7      | Reached skill level 9 in Unarmed Combat
  5028 | D:7      | Reached skill level 5 in Dodging
  5040 | D:7      | Reached skill level 5 in Fighting
  5535 | D:7      | Found Dicw's Armour Emporium.
  5562 | D:7      | Reached **** piety under Elyvilon
  5575 | D:7      | Found a shimmering blue altar of Sif Muna.
  6487 | D:8      | Reached skill level 5 in Invocations
  6913 | D:9      | Noticed Prince Ribbit
  6913 | D:9      | Noticed a two-headed ogre
  7024 | D:9      | Noticed a two-headed ogre
  7029 | D:9      | Killed a two-headed ogre
  7030 | D:9      | Reached XP level 10. HP: 47/98 MP: 11/13
  7084 | D:9      | Killed a two-headed ogre
  7701 | D:9      | Killed Prince Ribbit
  7713 | D:9      | Found Giupp's Jewellery Boutique.
  7716 | D:9      | Bought a ring of protection from fire for 275 gold pieces
  7729 | D:10     | Entered Level 10 of the Dungeon
  7918 | D:10     | Found a staircase to the Orcish Mines.
  8125 | D:10     | Reached skill level 10 in Unarmed Combat
  8303 | D:11     | Noticed a five-headed hydra
  8307 | D:11     | Noticed a manticore
  8310 | D:11     | Killed a five-headed hydra
  8322 | D:11     | Killed a manticore
  8323 | D:11     | Reached XP level 11. HP: 107/107 MP: 15/15
  8632 | D:2      | Bought a potion of lignification for 42 gold pieces
  8632 | D:2      | Bought a potion of lignification for 42 gold pieces
  8810 | Orc:1    | Entered Level 1 of the Orcish Mines
  8810 | Orc:1    | Noticed an orc knight
  9377 | D:11     | Found a staircase to the Lair.
  9427 | D:11     | Found a blossoming altar of Fedhas.
  9609 | Lair:1   | Entered Level 1 of the Lair of Beasts
  9609 | Lair:1   | Reached ***** piety under Elyvilon
  9708 | Lair:1   | Found a sparkling altar of Nemelex Xobeh.
 10359 | Lair:2   | Noticed Urug
 10367 | Lair:2   | Killed Urug
 10368 | Lair:2   | Reached skill level 11 in Unarmed Combat
 11529 | Lair:3   | Reached skill level 5 in Throwing
 11797 | Lair:3   | Noticed a bog body
 11801 | Lair:3   | Killed a bog body
 11816 | Lair:3   | Noticed a bog body
 11821 | Lair:3   | Reached XP level 12. HP: 130/141 MP: 21/21
 11830 | Lair:3   | Found a staircase to the Swamp.
 12090 | Lair:3   | Found a hole to the Spider Nest.
 12391 | Lair:3   | Noticed a seven-headed hydra
 12401 | Lair:3   | Killed a seven-headed hydra
 12487 | Lair:3   | Reached skill level 12 in Unarmed Combat
 13083 | Lair:4   | Reached ****** piety under Elyvilon
 13503 | Lair:4   | Identified the +5 rapier "Dadio" {protect, rPois rF+ rCorr}
 13534 | Lair:4   | Found a viscous altar of Jiyva.
 13534 | Lair:4   | Found a staircase to the Slime Pits.
 13827 | Lair:5   | Entered Level 5 of the Lair of Beasts
 13891 | Lair:5   | Noticed an eight-headed hydra
 13893 | Lair:5   | Noticed an eight-headed hydra
 13905 | Lair:5   | HP: 4/183 [eight-headed hydra (6)]
 13905 | Lair:5   | Elyvilon protects you from harm!
 13908 | Lair:5   | Elyvilon protects you from harm!
 13908 | Lair:5   | Slain by an eight-headed hydra

Illustrated notes

Levels and vault maps discovered:
D:1:      tarquinn_simple_flora_water_e, layout_basic,
          shapermc_ecumenical_altar_mp_urbaneastern
D:2:      layout_loops_ring, serial_shops, shop, minivault_14
D:3:      layout_basic, elyvilon_altar_1, item_on_display_a, uniq_ijyb,
          uniq_jessica
D:4:      layout_basic, slow_altar_2, lemuel_crystal_altar, uniq_robin,
          uniq_pikel, uniq_duvessa
D:5:      layout_cave_pools, chequers_temple_overflow_statue_of_worship,
          minmay_temple_entry_statues_fountains, kennysheep_generic_room_3
D:6:      layout_loops_cross, nicolae_overflow_crystal_walls,
          kennysheep_generic_room_2
D:7:      wad_woods_settlement, layout_loops_corners,
          mainiacjoe_overflow_surrounded_room, serial_shops,
          nicolae_square_shop, chequers_serial_rivers_micro_b
D:8:      layout_basic
D:9:      layout_roguey, serial_shops, kennysheep_mini, uniq_prince_ribbit1
D:10:     layout_loops_ring, minmay_orc_entry_guard_dogs
D:11:     layout_cave_pools, erik_lair_island, fedhas_ov_isle_minmay
Lair:1:   layout_chaotic_city, basic_altar
Lair:2:   layout_loops_ring, uniq_urug
Lair:3:   layout_regular_city, nicolae_swamp_entry_splash_gauntlet,
          hellmonk_spider_entry_life_and_decay,
          eino_small_chamber_without_monster, roderic_carrion_pond
Lair:4:   layout_regular_city, dpeg_slime_entry_enclosed
Lair:5:   evilmike_catoblepas_cave, layout_cave_pods, uniq_josephine
Orc:1:    layout_diamond_mine, gammafunk_ghost_fury_of_okawaru

Skill      XL: |  1  2  3  4  5  6  7  8  9 10 11 12 |
---------------+-------------------------------------+-----
Throwing       | 2 3 5 6 |  6.0
Fighting       | 2 3 4 6 7 8 |  8.6
Dodging        | 3 4 6 7 8 |  8.7
Unarmed Combat | 4 5 6 7 8 9 10 11 12 | 12.3
Invocations    | 3 6 7 9 |  9.4

Action                   |  1- 3 |  4- 6 |  7- 9 | 10-12 || total
-------------------------+-------+-------+-------+-------++-------
Melee: Unarmed           |   118 |   136 |   153 |   437 ||   844
       Punch             |     1 |     2 |    11 |    24 ||    38
Throw: Stone             |       |     4 |    32 |       ||    36
       Large rock        |       |     1 |     1 |     1 ||     3
       Boomerang         |       |       |       |    73 ||    73
Invok: Heal Other        |       |       |     7 |    13 ||    20
       Divine Vigour     |       |       |       |     2 ||     2
       Heal Self         |       |       |       |     1 ||     1
Evoke: Wand              |       |     3 |     9 |     3 ||    15
       Phial of floods   |       |       |       |     1 ||     1
  Use: Scroll            |     3 |     4 |     9 |    11 ||    27
       Potion            |       |       |     3 |     4 ||     7
 Stab: Sleeping          |     1 |     1 |       |       ||     2
Armor: Robe              |    39 |    41 |    28 |       ||   108
       Acid dragon scale |       |       |     4 |   147 ||   151
       Skin              |       |       |       |    97 ||    97
Dodge: Dodged            |    58 |    65 |    60 |   204 ||   387
